Map: [G8] Altitude

Players

Reynor - Winner!

  • Race: Zerg Zerg
  • Spawn Location: 7:00

Cure

  • Race: Terran Terran
  • Spawn Location: 1:00

Event: Gamers8 2023

VOD

Have the link to the VOD?

Description

Time

  • Played on: Aug. 6, 2023, 2:22 p.m.
  • Length: 13:29

All games in this series

Show
View Real Time Build Order
Export as new Build Order

Reynor Zerg - Winner!

Build Orders: Pool First 

Get SALT Encoding   

  12  0:00  Drone  
  13  0:12  Overlord  
  13  0:17  Drone  
  14  0:30  Drone  
  14  0:31  Drone  
  16  0:35  Drone  
  17  0:44  Extractor  
  17  0:45  Drone  
  17  0:51  Spawning Pool  
  17  0:56  Drone  
  17  1:06  Drone  
  18  1:19  Hatchery  
  18  1:22  Drone  
  18  1:38  Zergling x4  
  20  1:40  Queen  
  22  1:47  Metabolic Boost  
  22  1:55  Overlord  
  22  2:13  Drone x2  
  24  2:16  Queen  
  26  2:24  Drone  
  27  2:31  Queen, Zergling x2  
  27  2:34  Zergling x2  
  31  2:42  Drone  
  33  2:44  Drone  
  33  2:47  Overlord  
  33  2:49  Zergling x4  
  35  2:59  Drone  
  36  3:06  Drone x3  
  39  3:14  Hatchery  
  39  3:15  Drone  
  39  3:18  Drone  
  40  3:24  Overlord  
  40  3:27  Drone x2  
  40  3:29  Drone  
  40  3:30  Drone  
  44  3:37  Overlord  
  44  3:42  Queen  
  44  3:43  Drone  
  44  3:44  Drone  
  44  3:45  Drone  
  44  3:48  Drone  
  50  3:53  Overlord  
  50  3:54  Drone  
  51  3:58  Queen  
  51  4:00  Drone  
  51  4:01  Drone  
  55  4:04  Drone  
  55  4:05  Drone  
  55  4:07  Drone  
  58  4:13  Overlord  
  58  4:14  Drone x2  
  60  4:25  Queen, Overlord  
  60  4:26  Drone x3  
  60  4:27  Drone  
  66  4:32  Drone x2  
  66  4:33  Drone  
  66  4:36  Overlord  
  66  4:37  Drone  
  70  4:40  Queen  
  70  4:42  Drone  
  73  4:48  Drone x2  
  73  4:52  Extractor, Drone x3  
  77  4:54  Evolution Chamber x2  
  77  4:56  Queen  
  77  4:58  Drone  
  77  4:59  Drone  
  79  5:02  Drone x2  
  79  5:03  Drone  
  82  5:09  Queen  
  82  5:13  Drone  
  86  5:14  Overlord, Drone x2  
  86  5:16  Zergling x6  
  90  5:23  Spore Crawler  
  90  5:27  Spore Crawler, Drone x2  
  90  5:30  Overlord  
  90  5:32  Drone  
  90  5:33  Drone  
  90  5:34  Drone  
  92  5:36  Spore Crawler  
  92  5:37  Overlord  
  91  5:43  Drone  
  91  5:50  Zerg Ground Armor Level 1, Zerg Melee Weapons Level 1  
  91  5:53  Drone x2  
  93  5:59  Zergling x6  
  93  6:00  Hatchery  
  93  6:02  Extractor  
  94  6:05  Lair  
  94  6:07  Zergling x8  
  94  6:09  Overlord  
  98  6:12  Overlord  
  98  6:16  Zergling x6  
  101  6:19  Overlord  
  101  6:24  Baneling Nest  
  100  6:26  Extractor, Overlord  
  100  6:28  Drone x6  
  100  6:29  Spore Crawler  
  100  6:30  Extractor  
  100  6:32  Zergling x6  
  106  6:33  Extractor, Zergling x2  
  106  6:35  Overlord  
  106  6:38  Drone  
  107  6:40  Spore Crawler  
  107  6:41  Drone  
  107  6:42  Queen  
  107  6:45  Zergling x2  
  109  6:52  Zergling x8  
  113  6:54  Drone  
  113  6:56  Drone  
  110  7:03  Zergling x14  
  110  7:06  Overlord  
  115  7:11  Drone  
  115  7:12  Centrifugal Hooks, Drone  
  115  7:14  Drone  
  113  7:15  Drone  
  113  7:18  Spore Crawler  
  113  7:22  Drone  
  113  7:24  Drone x2  
  113  7:25  Baneling x7  
  113  7:26  Zergling x4  
  113  7:27  Zergling x2  
  113  7:28  Drone x2  
  113  7:29  Drone  
  121  7:30  Zergling x2  
  121  7:33  Baneling  
  121  7:34  Baneling x3, Drone  
  121  7:36  Infestation Pit, Zergling x4  
  124  7:39  Zergling x2  
  124  7:41  Spore Crawler  
  126  7:44  Baneling  
  126  7:45  Baneling x5, Zergling x4  
  126  7:46  Zergling x2  
  128  7:59  Hatchery  
  128  8:01  Zerg Melee Weapons Level 2, Zerg Ground Armor Level 2  
  128  8:03  Zergling x10  
  128  8:04  Zergling x6  
  128  8:05  Overlord  
  126  8:13  Zergling x2  
  126  8:14  Zergling x10  
  126  8:15  Hive  
  126  8:18  Baneling x10  
  132  8:20  Zergling x2  
  132  8:25  Zergling x4  
  135  8:31  Zergling x2  
  135  8:37  Zergling x6  
  138  8:41  Baneling x6  
  138  8:44  Zergling x2  
  138  8:47  Zergling x2  
  140  8:48  Zergling x14  
  140  8:50  Zergling x2  
  148  8:55  Overlord  
  148  8:56  Zergling x4  
  148  9:00  Queen  
  151  9:05  Zergling x6  
  149  9:11  Zergling x2  
  149  9:12  Zergling x6  
  149  9:15  Zergling x6  
  152  9:19  Baneling x3  
  152  9:20  Baneling x5  
  152  9:23  Zergling x6  
  152  9:24  Zergling x2  
  152  9:25  Zergling x8  
  152  9:26  Zergling x4  
  154  9:33  Viper x2  
  154  9:34  Viper  
  154  9:35  Zergling x2  
  164  9:42  Drone  
  164  9:44  Drone x2  
  164  9:45  Adrenal Glands  
  167  9:53  Zergling x2  
  167  9:55  Overlord x2  
  167  9:56  Overlord  
  164  10:04  Ultralisk Cavern  
  163  10:10  Zergling x12  
  167  10:16  Zergling x18  
  172  10:21  Baneling  
  172  10:22  Baneling x7  
  172  10:25  Zergling x16  
  180  10:31  Zergling x6  
  180  10:35  Zergling x2  
  177  10:39  Zergling x6  
  177  10:40  Zerg Ground Armor Level 3, Zerg Melee Weapons Level 3  
  180  10:42  Overlord  
  180  10:49  Hatchery  
  179  10:54  Zergling x8  
  179  10:55  Chitinous Plating, Overlord  
  178  11:10  Ultralisk x3  
  190  11:14  Baneling x6  
  190  11:15  Zergling x18  
  190  11:17  Overlord  
  199  11:23  Zergling x20  
  195  11:28  Zergling x2  
  194  11:33  Zergling x6  
  194  11:38  Queen x2  
  200  11:44  Hatchery  
  199  12:00  Baneling x16  
  199  12:01  Zergling x2  
  199  12:12  Extractor, Spire  
  199  12:13  Extractor, Spore Crawler  
  194  12:28  Anabolic Synthesis  
  194  12:29  Hatchery  
  193  12:32  Zergling x2  
  193  12:33  Zergling x12  
  198  12:43  Zergling x30  
  188  12:46  Zergling x24  
  181  13:00  Zergling x10  
Show
View Real Time Build Order
Export as new Build Order

Cure Terran 

Build Orders:  

Get SALT Encoding   

  12  0:00  SCV  
  13  0:12  SCV  
  14  0:17  Supply Depot  
  14  0:24  SCV  
  15  0:39  Barracks, SCV  
  16  0:44  Refinery  
  16  0:51  SCV  
  17  1:00  Barracks  
  17  1:03  SCV  
  18  1:15  SCV  
  19  1:27  Reaper  
  19  1:28  Orbital Command  
  20  1:33  Supply Depot  
  20  1:47  Reaper  
  20  1:54  SCV  
  22  2:04  Reaper  
  22  2:06  SCV  
  24  2:13  Command Center  
  24  2:18  SCV  
  24  2:22  Refinery  
  25  2:30  SCV  
  26  2:41  Factory  
  26  2:42  SCV  
  27  2:54  SCV  
  28  3:00  Command Center  
  28  3:04  Barracks Reactor  
  28  3:06  SCV, Barracks Tech Lab  
  29  3:18  SCV  
  30  3:24  Orbital Command  
  30  3:26  Factory Reactor  
  30  3:28  Starport  
  30  3:30  SCV  
  31  3:41  Marine x3  
  31  3:42  SCV  
  31  3:44  Stimpack  
  35  3:50  SCV  
  35  3:55  SCV  
  37  4:02  SCV  
  38  4:04  Widow Mine x2  
  38  4:07  SCV  
  43  4:11  Orbital Command  
  43  4:12  Medivac  
  43  4:14  SCV  
  43  4:17  Marine x3  
  46  4:19  SCV  
  50  4:25  Widow Mine x2, Supply Depot  
  50  4:30  SCV  
  50  4:31  SCV  
  56  4:35  Marine x2  
  56  4:36  Marine, Supply Depot  
  56  4:38  SCV  
  60  4:42  SCV  
  61  4:46  Refinery  
  61  4:47  Refinery, SCV  
  61  4:52  SCV  
  63  4:54  SCV  
  63  4:55  Medivac, Supply Depot  
  63  4:57  Medivac  
  63  4:59  SCV  
  69  5:00  Marine x2  
  69  5:02  Marine  
  72  5:07  SCV  
  72  5:11  SCV, Supply Depot  
  74  5:15  Engineering Bay  
  74  5:18  Marine x2, Engineering Bay  
  74  5:19  Marine  
  77  5:24  SCV x2  
  77  5:28  Combat Shield  
  77  5:36  SCV x2  
  77  5:37  Orbital Command  
  77  5:38  Marine x3  
  82  5:48  SCV x2  
  82  5:49  Factory Tech Lab  
  80  5:50  Barracks  
  80  5:51  Terran Infantry Armor Level 1, Terran Infantry Weapons Level 1  
  80  5:55  Starport Reactor  
  80  5:57  Barracks  
  78  5:59  Barracks  
  78  6:02  Marine x3  
  81  6:04  SCV x2  
  81  6:05  SCV  
  81  6:07  Supply Depot x2  
  84  6:17  Siege Tank  
  87  6:18  SCV x2  
  87  6:19  SCV  
  87  6:20  Marine x2  
  87  6:24  Supply Depot  
  92  6:30  SCV  
  92  6:31  SCV x2  
  92  6:32  Supply Depot  
  95  6:34  Marine  
  95  6:38  Marine x2  
  98  6:40  Medivac  
  98  6:43  Marine x2  
  98  6:44  Medivac  
  104  6:49  Siege Tank  
  104  6:51  Supply Depot  
  104  6:52  SCV x3  
  104  6:53  Barracks Reactor  
  110  7:00  Marine x4  
  114  7:10  Marine  
  114  7:15  Barracks Reactor  
  108  7:17  Medivac x2  
  108  7:18  Marine x3  
  115  7:23  Marine  
  115  7:24  Siege Tank  
  115  7:28  Marine  
  120  7:31  Marine x2  
  120  7:35  Marine x2, Armory  
  120  7:36  Marine, Barracks  
  124  7:38  Barracks  
  124  7:39  Barracks  
  124  7:40  Marine  
  124  7:43  Supply Depot  
  125  7:44  Supply Depot  
  125  7:46  Marine  
  125  7:49  Marine x2  
  128  7:51  Marine x2  
  128  7:53  Marine x3  
  133  8:05  Liberator x2, Marine x2  
  141  8:06  Marine x2  
  141  8:08  Siege Tank  
  141  8:09  Marine x2  
  141  8:11  Marine x3  
  149  8:16  Supply Depot  
  149  8:24  Terran Infantry Weapons Level 2, Terran Infantry Armor Level 2  
  149  8:29  Supply Depot  
  149  8:32  Supply Depot  
  149  8:34  Marine x6, SCV x2  
  157  8:38  Marine x3, SCV  
  161  8:42  Siege Tank, Marine  
  165  8:50  Marine x2  
  165  8:51  Marine x3  
  170  8:59  Marine x6  
  170  9:00  Medivac x2, Marine  
  181  9:08  Marine  
  181  9:10  Marine x3  
  181  9:22  Marine x4, Supply Depot  
  181  9:23  Siege Tank, Marine, Supply Depot x2  
  180  9:26  Marine x3  
  181  9:35  Medivac, Marine  
  181  9:43  Marine x6  
  181  9:44  Medivac, Marine  
  189  9:46  Marine x3  
  189  9:49  Command Center  
  192  9:54  Marine x2  
  192  9:55  Siege Tank  
  190  10:01  Marine x2  
  190  10:04  Marine x4  
  196  10:16  Marine x4  
  196  10:21  Marine x4  
  187  10:22  Marine x4  
  187  10:27  Siege Tank  
  196  10:34  Marine x4  
  165  10:38  Marine x2  
  165  10:39  Marine x2  
  165  10:40  Marine x4  
  174  10:43  Liberator x2  
  176  10:52  Marine x4  
  176  10:56  Marine x4  
  184  10:59  Marine x4  
  186  11:10  Marine x4  
  169  11:14  Marine x4  
  169  11:16  Marine x4  
  147  11:27  Marine x2  
  147  11:30  SCV x3  
  147  11:32  Marine x2  
  149  11:34  Marine x3  
  148  11:41  Liberator  
  148  11:42  Liberator, SCV  
  148  11:44  Barracks Tech Lab x3  
  148  11:45  Marine x2  
  154  11:56  Sensor Tower  
  154  11:57  Marauder  
  154  11:58  Marauder, Widow Mine x2  
  161  12:02  Factory  
  161  12:11  Marauder x3  
  167  12:15  Marine x2  
  167  12:16  Marine x3  
  167  12:19  Widow Mine x2  
  147  12:46  Marine x2  
  147  12:47  Marauder x3, Marine x2  
  147  12:49  Widow Mine  
  147  12:50  Widow Mine x2  
  139  12:51  Medivac  
  139  12:52  Medivac  
  139  12:58  Marauder x2, Marine x2  
  122  13:04  Marine x2  
Tags
 
Add a new tag
Caveats
  • Supply blocks, unpowered buildings, or Contaminate may cause inaccurate times.
  • Supply counts are checked every 10 seconds.